 Dungeon Crawl Stone Soup version 0.20.0-15-g7f486f2 (webtiles) character file.

106 greprep the Ruffian (level 4, -5/38 (40) HPs)
             Began as a Ghoul Monk on June 26, 2017.
             Slain by an iguana (13 damage)
             ... on level 2 of the Dungeon.
             The game lasted 00:03:22 (2368 turns).

greprep the Ruffian (Ghoul Monk)                    Turns: 2368, Time: 00:03:23

HP:   -5/38 (40)    AC:  2    Str: 15    XL:     4   Next: 84%
MP:   3/3           EV: 13    Int:  5    God:
Gold: 38            SH:  0    Dex: 11    Spells: 3/3 levels left

rFire    . . .     SeeInvis .     - Unarmed
rCold    + . .     Gourm    .   (no shield)
rNeg     + + +     Faith    .   a - +0 robe
rPois    ∞         Spirit   .   (no helmet)
rElec    .         Reflect  .   (no cloak)
rCorr    .         Harm     .   (no gloves)
MR       .....                  (no boots)
Stlth    ++........             (no amulet)
Regen    0.0/turn               (no ring)
MPRegen  0.1/turn               (no ring)

@: rotting
A: rotting body, claws 1, carnivore 3, cold resistance 1, negative energy
resistance 3, inhibited regeneration, torment resistance, unbreathing
a: no special abilities


You were on level 2 of the Dungeon.
You were not hungry.

You visited 1 branch of the dungeon, and saw 2 of its levels.

You collected 38 gold pieces.

Inventory:

Armour
 a - a +0 robe (worn)
Scrolls
 d - a scroll of recharging {unknown}
 g - a scroll of immolation {unknown}
 i - a scroll of identify {unknown}
Potions
 c - a potion of ambrosia {unknown}
 e - a potion of haste {unknown}
 f - a potion of curing {unknown}
 h - a potion of lignification {unknown}
 j - 2 potions of invisibility {unknown}
Comestibles
 b - 2 meat rations


   Skills:
 + Level 3.7 Fighting
 + Level 3.3 Dodging
 - Level 2.1 Stealth
 * Level 5.1 Unarmed Combat


You had 3 spell levels left.
You didn't know any spells.

Dungeon Overview and Level Annotations

Branches:
Dungeon (2/15)

Altars:


Innate Abilities, Weirdness & Mutations

Your body is rotting away.
You thrive on raw meat.
You are immune to poison.
You have sharp fingernails.
You are carnivorous and can eat meat at any time.
Your flesh is cold resistant. (rC+)
You are immune to negative energy. (rN+++)
You do not regenerate when monsters are visible.
You are immune to unholy pain and torment.
You can survive without breathing.


Message History

The iguana is moderately wounded.
You feel your flesh rotting away. The iguana bites you!
You are too injured to fight recklessly!
You are too injured to fight recklessly!
You are too injured to fight recklessly!
You scratch the iguana.
The iguana is heavily wounded.
The iguana misses you.
You closely miss the iguana.
The iguana is heavily wounded.
The iguana bites you!
* * * LOW HITPOINT WARNING * * *
You scratch the iguana.
The iguana is heavily wounded.
The iguana closely misses you.
You closely miss the iguana.
The iguana is heavily wounded.
The iguana bites you!
You die...

..#.# ########.#..... ##
#.#.# ##########.#.###.
#.##.#g# #......[.....# #.
#....#.# #.########.#####.
#......####### #.#.).#.
#............######.#.#<#.
#.....#...........#.#.#.#.
#............####.#.#.#.#.
#.....#[l@..........#.#.#.
#.............###.........
#........#.#..#######)##..
########.#................
......#.#######.####
##########.#....%.....#
#..........#..........#
#.##########..........#
#.# #...........


You could see an iguana.

Vanquished Creatures
  4 gnolls (D:2)
  An ooze (D:2)
  A worm (D:2)
  3 dart slugs
  3 leopard geckos
  2 giant cockroaches (D:1)
  5 hobgoblins
  7 jackals (D:1)
  5 kobolds
  9 bats
  5 frilled lizards
  4 goblins
  5 rats
54 creatures vanquished.

Notes
Turn   | Place    | Note
-------+----------+-------------------------------------------
     0 | D:1      | greprep the Ghoul Monk began the quest for the Orb.
     0 | D:1      | Reached XP level 1. HP: 19/19 MP: 0/0
   157 | D:1      | Reached XP level 2. HP: 20/26 MP: 1/1
   468 | D:1      | Reached skill level 4 in Unarmed Combat
   577 | D:1      | Reached XP level 3. HP: 28/30 MP: 2/2
  1509 | D:1      | Reached XP level 4. HP: 23/39 MP: 3/3
  1902 | D:2      | Reached skill level 5 in Unarmed Combat
  2368 | D:2      | Slain by an iguana

Skill      XL: |  1  2  3  4 |
---------------+-------------+-----
Unarmed Combat | 4 5 |  5.1
Dodging        | 3 |  3.3
Fighting       | |  3.7
Stealth        | |  2.1

Action                   |  1- 3 |  4- 6 || total
-------------------------+-------+-------++-------
Melee: Unarmed           |   154 |    40 ||   194
       Punch             |     4 |       ||     4
  Use: Scroll            |     1 |       ||     1
 Stab: Sleeping          |     6 |     1 ||     7
  Eat: Chunk             |    17 |     2 ||    19
Armor: Robe              |    24 |     6 ||    30
Dodge: Dodged            |    96 |    27 ||   123
